 Dungeon Crawl Stone Soup version 0.21.1-1-g345015f (webtiles) character file.

10461 beigtais the Slicer (level 11, 8/83 HPs)
             Began as a Demonspawn Assassin on July 19, 2018.
             Was a Priest of Wu Jian.
             Quit the game on level 1 of the Orcish Mines on July 23, 2018.
             The game lasted 01:58:02 (14967 turns).

beigtais the Slicer (Demonspawn Assassin)          Turns: 14967, Time: 01:58:03

Health: 8/83       AC:  6    Str: 11    XL:     11   Next: 36%
Magic:  15/15      EV: 15    Int: 12    God:    Wu Jian [***...]
Gold:   503        SH:  9    Dex: 19    Spells: 13/16 levels left

rFire    + . .     SeeInvis .   C - +3 short sword (speed)
rCold    . . .     Gourm    .   (no shield)
rNeg     . . .     Faith    .   p - +0 leather armour {rPois}
rPois    +         Spirit   .   y - +2 hat
rElec    .         Reflect  +   d - +0 cloak
rCorr    .         Harm     .   (no gloves)
MR       .....                  (no boots)
Stlth    +++++.....             L - +3 amulet of reflection
HPRegen  0.23/turn              (no ring)
MPRegen  0.14/turn              l - ring of stealth

@: no status effects
A: claws 1, large bone plates 2, blink, demonic guardian 1, fire resistance 1,
powered by death 1, subdued magic 1
a: Blink, Wall Jump, Serpent's Lash, Renounce Religion


You were on level 1 of the Orcish Mines.
You worshipped Wu Jian.
Wu Jian was most pleased with you.
You were not hungry.

You visited 3 branches of the dungeon, and saw 13 of its levels.

You collected 655 gold pieces.
You spent 152 gold pieces at shops.

Inventory:

Hand Weapons
 a - a +6 dagger
 b - a +0 blowgun
 C - a +3 short sword of speed (weapon)
 M - a +3 dagger of chaos
 O - a +1 dagger of draining
Missiles
 e - 20 poisoned needles
 o - 271 stones
 r - 85 arrows
 I - a curare-tipped needle
 U - 10 tomahawks (quivered)
Armour
 d - a +0 cloak (worn)
 p - a +0 leather armour of poison resistance (worn)
 y - a +2 hat (worn)
 T - a +0 chain mail
Jewellery
 c - an uncursed amulet of rage
 i - an uncursed ring of fire
 l - a ring of stealth (right claw)
 m - an uncursed ring of teleportation
 E - an uncursed amulet of guardian spirit
 L - a +3 amulet of reflection (around neck)
Wands
 h - a wand of acid (3)
 q - a wand of iceblast (2)
 x - a wand of digging (18)
 B - a wand of random effects (35)
 K - a wand of paralysis (15)
 Q - a wand of flame (14)
Scrolls
 j - 2 scrolls of magic mapping
 n - 8 scrolls of teleportation
 F - a scroll of fear
 G - a scroll of blinking
 J - 3 scrolls of remove curse
 R - a scroll of immolation
Potions
 k - 2 potions of curing
 t - 2 potions of lignification
 u - 3 potions of brilliance
 v - a potion of haste
 z - a potion of invisibility
 A - a potion of ambrosia
 D - a potion of magic
 N - a potion of cancellation
 P - 2 potions of flight {unknown}
Books
 f - Xaemoo's Disquisition on Dark Rituals and the Frostbite
   (You found it on level 10 of the Dungeon)

   Spells                             Type                      Level
   a - Animate Skeleton               Necromancy                   1
   b - Throw Frost                    Conjuration/Ice              2
   c - Ensorcelled Hibernation        Hexes/Ice                    2
   d - Ice Form                       Ice/Transmutation            4
   e - Metabolic Englaciation         Hexes/Ice                    5
   f - Bolt of Cold                   Conjuration/Ice              6
 w - a book of Debilitation

   Spells                             Type                      Level
   a - Corona                         Hexes                        1
   b - Slow                           Hexes                        2
   c - Inner Flame                    Hexes/Fire                   3
   d - Portal Projectile              Hexes/Translocation          3
   e - Cause Fear                     Hexes                        4
   f - Leda's Liquefaction            Hexes/Earth                  4
 H - a book of Battle

   Spells                             Type                      Level
   a - Infusion                       Charms                       1
   b - Shroud of Golubria             Charms/Translocation         2
   c - Song of Slaying                Charms                       2
   d - Spectral Weapon                Hexes/Charms                 3
   e - Regeneration                   Charms/Necromancy            3
Comestibles
 g - 19 rations
 s - 2 chunks of flesh


   Skills:
 * Level 6.9 Fighting
 * Level 8.7 Short Blades
 * Level 6.0 Throwing
 + Level 3.5 Armour
 * Level 5.4 Dodging
 + Level 8.5 Stealth
 * Level 2.4 Unarmed Combat
 + Level 3.0 Spellcasting
 + Level 3.3 Hexes
 + Level 3.3 Evocations


You had 13 spell levels left.
You knew the following spells:

 Your Spells              Type           Power        Failure   Level  Hunger
a - Corona                Hex            #......      6%          1    #......
b - Slow                  Hex            #.......     10%         2    ###....


Dungeon Overview and Level Annotations

Branches:
Dungeon (10/15)            Temple (1/1) D:5            Lair (0/6) D:8
    Orc (2/2) D:9
    Elf: Orc:2

Altars:
Ashenzari
Cheibriados
Dithmenos
Elyvilon
Fedhas
Gozag
Hepliaklqana
Kikubaaqudgha
Makhleb
Nemelex Xobeh
Okawaru
Qazlal
Ru
Sif Muna
Trog
Uskayaw
Vehumet
Wu Jian
Xom
Yredelemnul
Zin
The Shining One

Shops:
D:6 !!(%(


Innate Abilities, Weirdness & Mutations

You have sharp fingernails.
You are mostly covered in large bone plates. (SH +6)
A weak demonic guardian rushes to your aid.
You regenerate a little health from kills.
You can translocate small distances at will.
Your flesh is heat resistant. (rF+)
Your spells are a little easier to cast, but a little less powerful.


Message History

The orc warrior is moderately wounded.
You hit the orc warrior but do no damage.
The orc warrior is moderately wounded.
You hit the orc warrior.
The orc warrior is heavily wounded.
The orc warrior hits you with a scimitar!
You hit the orc warrior but do no damage.
The orc warrior is heavily wounded.
The orc warrior closely misses you.
Your iron imp hits the orc warrior.
You hit the orc warrior but do no damage.
The orc warrior is heavily wounded.
You barely miss the orc warrior.
The orc warrior is heavily wounded.
The orc warrior hits you with a scimitar!!
* * * LOW HITPOINT WARNING * * *
The orc warrior closely misses you.
Your iron imp closely misses the orc warrior.
Quiver which item? (- for none, * to show all) (? for menu, Esc to quit)
Okay, then.
Are you sure you want to abandon this character and quit the game? (Confirm with "yes".)

##............#
#....#.###..... ###..####
##.... #.#...### #....
###.......#####...
###.##5......##.##..
###.#..o.......##.....
###.....o...............
##......@...#............
#.........###(.(........#
##.........###))[......##
###......###.)>[.......#
##.#.....##..[...).)..
###........(#####)...
##..........###<..[
#.........###[.[[.
##...[..####......


You could see 2 orc warriors and a friendly iron imp.

Vanquished Creatures
  The ghost of fanaticazov the Archer, a journeyman CeHu of Hepliaklqana (D:10)
  3 two-headed ogres
  An orc knight (D:9)
  Joseph (D:7)
  Psyche (D:8)
  The ghost of poirepourri the Thaumaturge, a novice DECj (D:6)
  The ghost of flestrin the Shield-Bearer, an amateur MiFi (D:4)
  A troll (D:10)
  A hippogriff (D:8)
  4 yaks (D:9)
  Eustachio (D:6)
  2 wargs (D:9)
  Menkaure (D:6)
  Edmund (D:4)
  2 water moccasins
  An ice beast (D:5)
  An ice beast (shapeshifter) (D:9)
  An eye of draining (D:9)
  9 orc warriors
  2 slaves (D:6)
  3 phantoms
  A black bear (D:9)
  7 ogres
  A centaur (D:8)
  3 bullfrogs
  4 scorpions
  5 howler monkeys
  3 jellies
  2 crimson imps
  A centaur skeleton (D:6)
  A hound (D:8)
  4 iguanas
  6 orc priests
  2 bullfrog skeletons (D:6)
  8 orc wizards
  Natasha (D:4)
  6 worker ants
  A hound zombie (D:8)
  A hound skeleton (D:9)
  A worker ant zombie (D:5)
  7 gnolls
  A howler monkey skeleton (D:5)
  3 adders
  2 shadow imps
  An ooze (D:2)
  An adder skeleton (D:7)
  2 worms (D:2)
  4 dart slugs
  5 leopard geckos
  42 orcs
  12 bats
  5 giant cockroaches
  8 hobgoblins
  11 jackals
  4 quokkas
  A ball python (D:4)
  7 frilled lizards
  8 goblins
  5 kobolds
  A leopard gecko skeleton (D:4)
  A quokka skeleton (D:6)
  6 rats
234 creatures vanquished.

Vanquished Creatures (collateral kills)
  A two-headed ogre (D:9)
  Pikel (D:6)
  Prince Ribbit (D:7)
  A spriggan (D:7)
  A centaur (D:6)
  Natasha (twice) (D:4)
  A worker ant (D:7)
  An adder (D:6)
  10 orcs
  A ball python (D:4)
20 creatures vanquished.

Vanquished Creatures (others)
  An orc (Orc:2)
  2 plants (D:8)
3 creatures vanquished.

Grand Total: 257 creatures vanquished

Notes
Turn   | Place    | Note
-------+----------+-------------------------------------------
     0 | D:1      | beigtais the Demonspawn Assassin began the quest for the Orb.
     0 | D:1      | Reached XP level 1. HP: 16/16 MP: 1/1
    32 | D:1      | Found an iron altar of Okawaru.
    75 | D:1      | Reached skill level 1 in Dodging
   230 | D:1      | Gained mutation: You are partially covered in large bone plates. (SH +4) [demonic ancestry]
   230 | D:1      | Reached XP level 2. HP: 22/22 MP: 2/2
   967 | D:1      | Gained mutation: A weak demonic guardian rushes to your aid. [demonic ancestry]
   967 | D:1      | Reached XP level 3. HP: 27/27 MP: 3/3
  2034 | D:3      | Reached XP level 4. HP: 19/34 MP: 4/4
  2678 | D:4      | Noticed Natasha
  2689 | D:4      | Killed Natasha
  2769 | D:4      | Noticed an ogre
  2779 | D:4      | Killed an ogre
  2779 | D:4      | Gained mutation: You are mostly covered in large bone plates. (SH +6) [demonic ancestry]
  2779 | D:4      | Reached XP level 5. HP: 39/39 MP: 5/5
  2822 | D:4      | Noticed flestrin's ghost (amateur MiFi)
  2924 | D:4      | Noticed a phantom
  3027 | D:4      | Killed flestrin's ghost
  3027 | D:4      | Reached XP level 6. HP: 47/47 MP: 6/6
  3050 | D:4      | Found a radiant altar of Vehumet.
  3050 | D:4      | Noticed Natasha
  3058 | D:4      | Killed Natasha
  3063 | D:4      | Found a basalt altar of Yredelemnul.
  3063 | D:4      | Found an ancient bone altar of Kikubaaqudgha.
  3063 | D:4      | Noticed Edmund
  3179 | D:4      | Noticed Natasha
  3196 | D:4      | Killed Natasha
  3212 | D:4      | Killed Edmund
  3242 | D:4      | Found a glowing silver altar of Zin.
  3446 | D:4      | Reached skill level 5 in Stealth
  3753 | D:5      | Entered Level 5 of the Dungeon
  3936 | D:5      | Reached XP level 7. HP: 50/52 MP: 7/7
  3965 | D:5      | Found a staircase to the Ecumenical Temple.
  4019 | Temple   | Entered the Ecumenical Temple
  4210 | Temple   | Became a worshipper of the Wu Jian Council
  5013 | D:6      | Noticed Eustachio
  5022 | D:6      | Killed Eustachio
  5022 | D:6      | Reached skill level 5 in Short Blades
  5022 | D:6      | Gained mutation: You have sharp fingernails. [demonic ancestry]
  5022 | D:6      | Reached XP level 8. HP: 60/60 MP: 8/8
  5070 | D:6      | Gained mutation: Your spells are a little easier to cast, but a little less powerful. [potion of mutation]
  5070 | D:6      | Gained mutation: Your flesh is heat resistant. (rF+) [potion of mutation]
  5070 | D:6      | Gained mutation: You can translocate small distances at will. [potion of mutation]
  5132 | D:6      | Found Ohasiok's Distillery.
  5149 | D:6      | Bought a potion of curing for 42 gold pieces
  5189 | D:6      | Found Qaacu's Antique Weapon Shoppe.
  5373 | D:6      | Found Totwessi's Food Boutique.
  5460 | D:6      | Found Iwiprah's Antique Weapon Shoppe.
  5559 | D:6      | Noticed Menkaure
  5561 | D:6      | Reached * piety under Wu Jian
  5565 | D:6      | Killed Menkaure
  5788 | D:6      | Noticed Pikel
  6233 | D:6      | Killed Pikel
  6261 | D:6      | Found Axzux's Distillery.
  6269 | D:6      | Bought a potion of heal wounds for 55 gold pieces
  6269 | D:6      | Bought a potion of heal wounds for 55 gold pieces
  6302 | D:6      | Noticed poirepourri's ghost (novice DECj)
  6342 | D:6      | Killed poirepourri's ghost
  6342 | D:6      | Reached skill level 5 in Fighting
  6342 | D:6      | Gained mutation: You regenerate a little health from kills. [demonic ancestry]
  6342 | D:6      | Reached XP level 9. HP: 30/68 MP: 9/9
  6544 | D:6      | Noticed a two-headed ogre
  6563 | D:6      | Killed a two-headed ogre
  6566 | D:6      | Learned a level 1 spell: Corona
  6569 | D:6      | Learned a level 2 spell: Slow
  6943 | D:7      | Noticed Prince Ribbit
  6952 | D:7      | Killed Prince Ribbit
  6952 | D:7      | Reached skill level 1 in Armour
  7064 | D:7      | Reached skill level 5 in Throwing
  7064 | D:7      | Reached skill level 1 in Spellcasting
  7064 | D:7      | Reached skill level 1 in Hexes
  7064 | D:7      | Reached skill level 1 in Evocations
  7330 | D:7      | Noticed Joseph
  7375 | D:7      | Killed Joseph
  7627 | D:7      | Reached XP level 10. HP: 45/76 MP: 7/12
  7810 | D:8      | Noticed a two-headed ogre
  7936 | D:8      | Killed a two-headed ogre
  8378 | D:8      | Found a staircase to the Lair.
  8396 | D:8      | Reached ** piety under Wu Jian
  8945 | D:8      | Noticed Psyche
  8962 | D:8      | Killed Psyche
  9095 | D:9      | Reached skill level 1 in Unarmed Combat
  9493 | D:9      | Found a staircase to the Orcish Mines.
  9497 | D:9      | Noticed a two-headed ogre
  9523 | D:9      | Killed a two-headed ogre
  9644 | D:9      | Reached skill level 5 in Dodging
  9946 | D:9      | Noticed a two-headed ogre
  9961 | D:9      | Killed a two-headed ogre
 10172 | D:10     | Entered Level 10 of the Dungeon
 10212 | D:10     | Identified Xaemoo's Disquisition on Dark Rituals and the Frostbite
 10447 | D:10     | Reached XP level 11. HP: 83/83 MP: 14/14
 10529 | D:10     | Noticed fanaticazov's ghost (journeyman CeHu)
 10606 | D:10     | Killed fanaticazov's ghost
 11166 | Orc:1    | Entered Level 1 of the Orcish Mines
 11172 | Orc:1    | Reached *** piety under Wu Jian
 12673 | Orc:1    | Noticed an orc knight
 12922 | D:9      | Killed an orc knight
 14335 | Orc:2    | Entered Level 2 of the Orcish Mines
 14967 | Orc:1    | Quit the game

Skill      XL: |  1  2  3  4  5  6  7  8  9 10 11 |
---------------+----------------------------------+-----
Dodging        | 1 2 3 4 5 |  5.4
Stealth        | 4 5 6 7 8 |  8.5
Throwing       | 2 3 4 5 6 |  6.0
Short Blades   | 2 3 4 5 6 7 8 |  8.7
Fighting       | 3 4 5 6 |  6.9
Armour         | 1 2 3 |  3.5
Spellcasting   | 1 2 3 |  3.0
Hexes          | 1 3 |  3.3
Evocations     | 1 3 |  3.3
Unarmed Combat | 1 2 |  2.4

Action                   |  1- 3 |  4- 6 |  7- 9 | 10-12 || total
-------------------------+-------+-------+-------+-------++-------
Melee: Dagger            |   171 |   140 |   341 |   396 ||  1048
       Short sword       |       |       |       |   339 ||   339
       Punch             |       |       |       |     8 ||     8
 Fire: Blowgun           |       |    16 |    17 |    29 ||    62
Throw: Stone             |     4 |    14 |     1 |    11 ||    30
       Tomahawk          |       |       |       |    15 ||    15
 Cast: Corona            |       |       |     2 |     2 ||     4
Invok: Lunge             |       |       |    41 |    30 ||    71
       Whirlwind         |       |       |    50 |   139 ||   189
       Wall Jump         |       |       |       |    38 ||    38
 Abil: Blink             |       |       |     9 |    17 ||    26
Evoke: Wand              |       |       |     4 |    17 ||    21
  Use: Potion            |     2 |       |     3 |     6 ||    11
       Scroll            |       |    10 |     9 |    10 ||    29
 Stab: Sleeping          |     9 |     3 |    13 |    11 ||    36
       Distracted        |       |     1 |     3 |     5 ||     9
       Confused          |       |       |       |     1 ||     1
       Petrifying        |       |       |       |     1 ||     1
       Petrified         |       |       |       |     1 ||     1
       Paralysed         |       |       |       |     1 ||     1
  Eat: Chunk             |     4 |     2 |     6 |    12 ||    24
       Ration            |       |     1 |     2 |     4 ||     7
Armor: Robe              |     8 |       |       |       ||     8
       Leather armour    |    32 |    20 |    31 |    32 ||   115
       Chain mail        |       |       |       |    42 ||    42
Dodge: Dodged            |    94 |    69 |   100 |   139 ||   402
Block: Other             |    16 |    31 |    47 |   124 ||   218
       Reflection        |       |       |       |     6 ||     6
